Map: Incorporeal LE

Players

LiquidMaNa (MaNa) - Winner!

  • Race: Protoss Protoss
  • League: Grandmaster
  • Spawn Location: 5:00

LiquidElazer (Elazer)

  • Race: Zerg Zerg
  • Spawn Location: 11:00

Event: FEL Cracov 2025

VOD

Have the link to the VOD?

Description

Time

  • Played on: July 27, 2025, 5:32 a.m.
  • Length: 8:17

All games in this series

Show
View Real Time Build Order
Export as new Build Order

LiquidMaNa Protoss - Winner!

Build Orders: 1 Gate Expand, Oracle Opening, Zealot Archon, Archon Drop 

Get SALT Encoding   

  12  0:00  Probe  
  13  0:12  Probe  
  14  0:20  Pylon  
  14  0:24  Probe  
  15  0:34  Probe  
  15  0:42  Probe  
  16  0:44  Gateway  
  17  0:52  Probe  
  17  0:53  Assimilator  
  18  1:00  Probe  
  18  1:08  Probe  
  20  1:18  Probe  
  21  1:29  Nexus  
  21  1:39  Cybernetics Core  
  21  1:41  Probe  
  22  1:48  Assimilator  
  22  1:53  Probe  
  23  1:57  Pylon  
  23  2:11  Probe  
  24  2:16  Stargate  
  24  2:17  Adept  
  24  2:19  Probe  
  26  2:28  Warp Gate  
  26  2:29  Probe  
  28  2:37  Probe  
  28  2:41  Probe  
  30  2:44  Stalker  
  30  2:45  Probe  
  33  2:53  Probe  
  33  2:55  Probe  
  35  3:04  Oracle  
  35  3:05  Probe  
  39  3:07  Probe  
  40  3:17  Probe  
  40  3:19  Probe  
  42  3:29  Probe, Nexus  
  42  3:31  Pylon, Probe  
  44  3:40  Robotics Facility  
  44  3:42  Probe  
  44  3:43  Probe  
  46  3:49  Assimilator  
  46  3:50  Assimilator  
  46  3:54  Probe  
  47  3:56  Probe  
  47  3:57  Twilight Council  
  48  4:06  Probe  
  48  4:08  Probe  
  50  4:11  Gateway  
  50  4:12  Gateway  
  50  4:15  Gateway  
  50  4:17  Warp Prism  
  50  4:19  Adept  
  54  4:34  Templar Archives  
  54  4:39  Pylon  
  54  4:41  Probe x2  
  56  4:46  Probe  
  57  4:53  Probe x2  
  57  4:59  Probe  
  60  5:05  Probe x2  
  62  5:11  Probe  
  62  5:14  Charge  
  63  5:16  Gateway, High Templar x4  
  63  5:18  Probe x2  
  63  5:19  Gateway x2  
  63  5:20  Archon x2  
  73  5:22  Shield Battery  
  73  5:24  Probe  
  73  5:26  Gateway  
  74  5:35  Forge  
  74  5:38  Pylon  
  74  5:49  Protoss Ground Weapons Level 1  
  72  5:54  Zealot x2  
  72  5:55  Zealot x2  
  69  6:05  Probe x2  
  71  6:16  Zealot x5  
  71  6:17  Zealot x2  
  83  6:19  Probe x2  
  85  6:27  Probe  
  85  6:31  Probe  
  74  6:34  Immortal  
  74  6:36  Probe  
  74  6:38  High Templar x3  
  69  6:40  High Templar, Zealot x2  
  69  6:41  Zealot  
  69  6:44  Archon x2  
  69  6:46  Zealot  
  77  6:47  Probe x2  
  77  6:51  Probe  
  80  6:56  Pylon  
  80  7:02  Zealot x3  
  84  7:14  Zealot x4  
  88  7:24  Zealot x2  
  88  7:27  Zealot  
  88  7:28  Zealot  
  93  7:34  Pylon x2  
  93  7:50  Pylon  
  93  7:54  Zealot x7  
  101  8:10  High Templar  
  98  8:14  Zealot x6  
Show
View Real Time Build Order
Export as new Build Order

LiquidElazer Zerg 

Build Orders: Hatch First 

Get SALT Encoding   

  12  0:00  Drone  
  13  0:09  Drone  
  13  0:14  Extractor  
  13  0:15  Drone  
  15  0:21  Overlord  
  15  0:40  Drone  
  16  0:46  Hatchery  
  16  0:49  Drone  
  16  0:53  Drone  
  16  0:57  Drone  
  18  1:07  Extractor  
  17  1:12  Spawning Pool  
  17  1:15  Drone  
  17  1:18  Drone  
  18  1:27  Drone  
  19  1:38  Drone  
  20  1:48  Overlord  
  20  1:58  Queen x2, Drone  
  25  2:01  Zergling x2  
  26  2:09  Drone  
  26  2:10  Metabolic Boost  
  27  2:15  Zergling x2  
  27  2:19  Drone  
  27  2:20  Drone  
  30  2:31  Drone x2  
  32  2:39  Hatchery  
  31  2:45  Queen  
  31  2:49  Overlord  
  33  2:55  Zergling x2  
  33  2:56  Zergling x2  
  33  2:58  Zergling x2  
  36  3:06  Overlord  
  36  3:08  Drone x4  
  40  3:13  Spore Crawler  
  40  3:17  Drone x3  
  42  3:20  Drone  
  42  3:23  Drone  
  44  3:28  Spore Crawler  
  44  3:30  Drone x2  
  44  3:33  Spore Crawler  
  44  3:39  Extractor, Drone x3  
  46  3:43  Drone  
  46  3:47  Drone  
  47  3:50  Drone x3  
  47  3:54  Lair  
  50  3:58  Drone x2  
  50  4:01  Drone  
  53  4:03  Spore Crawler  
  53  4:09  Drone x2  
  55  4:10  Drone x2  
  55  4:11  Drone  
  55  4:16  Overlord  
  56  4:19  Drone x2  
  56  4:21  Overlord  
  58  4:24  Extractor x2  
  58  4:25  Baneling Nest  
  58  4:26  Drone  
  58  4:29  Drone x2  
  57  4:35  Zergling x4  
  57  4:36  Drone x3  
  62  4:40  Overlord  
  62  4:44  Drone x2  
  63  4:47  Drone x3  
  63  4:49  Overlord  
  66  4:53  Zergling x4, Hydralisk Den  
  66  4:57  Zergling x6  
  66  4:58  Overseer  
  70  5:04  Zergling x2  
  70  5:05  Zergling x8  
  75  5:09  Zergling x2  
  75  5:12  Overlord  
  76  5:16  Zergling x12  
  82  5:22  Overlord  
  82  5:25  Muscular Augments  
  82  5:27  Overlord  
  82  5:28  Hydralisk  
  83  5:36  Baneling x2, Hydralisk  
  83  5:37  Hydralisk x3  
  83  5:40  Overlord  
  85  5:53  Hydralisk  
  85  5:54  Hydralisk x3  
  85  5:55  Zergling x2  
  84  6:00  Zergling x6  
  81  6:11  Drone x6  
  81  6:17  Drone x3  
  81  6:34  Hydralisk x6  
  88  6:41  Grooved Spines  
  88  6:43  Drone x6  
  94  6:48  Drone  
  94  6:49  Queen  
  97  6:58  Baneling x4  
  97  7:03  Drone  
  97  7:04  Drone x5  
  103  7:13  Hydralisk  
  103  7:14  Overlord  
  103  7:15  Overlord  
  97  7:25  Hydralisk x4  
  97  7:28  Hydralisk  
  97  7:29  Zergling x2  
  91  7:30  Zergling x2  
  91  7:35  Hydralisk  
  91  7:36  Zergling x2  
  90  7:38  Zergling x12  
  90  7:41  Spine Crawler  
  90  7:42  Spine Crawler  
  94  7:46  Hydralisk x2  
  94  7:49  Baneling x2  
Tags
 
Add a new tag
Caveats
  • Supply blocks, unpowered buildings, or Contaminate may cause inaccurate times.
  • Supply counts are checked every 10 seconds.